 Dungeon Crawl Stone Soup version 0.14-a0-1721-g84c87b2 (webtiles) character file.

592636 Deemzul the Cutthroat (level 26, -1/135 HPs)
             Began as a Spriggan Assassin on Dec 31, 2013.
             Was a High Priest of Ashenzari.
             Succumbed to the power of Zot's residual poison
             ... in the Vestibule of Hell on Jan 2, 2014.
             The game lasted 09:45:29 (95297 turns).

Deemzul the Cutthroat (Spriggan Assassin)          Turns: 95297, Time: 09:45:29

HP  -1/135       AC 11     Str 14      XL: 26   Next:  7%
MP  41/41        EV 50     Int 14      God: Ashenzari [*****.]
Gold 6613        SH  0     Dex 27      Spells:  2 memorised, 26 levels left

rFire  . . .     SeeInvis +     o - +2,+6 cutlass (elec)
rCold  + . .     Clarity  +     K - +5 robe "Raraud" {Str+2 Dex+3}
rNeg   + + .     Conserve +     (shield restricted)
rPois  .         rCorr    .     G - +1 cap (curse)
rElec  .         rRot     .     s - +0 cloak of the Wheelwright {rN+ Dex+3}
SustAb . .       Spirit   .     (gloves unavailable)
rMut   .         Warding  .     (boots unavailable)
Saprov . . .     Stasis   .     u - cursed amulet of conservation
                                Y - cursed ring of Shadows {+Inv rN+ EV+4 Acc-4 SInv Stlth+}
                                y - cursed +2,+5 ring of slaying

@: invisible, extremely poisoned, very slightly contaminated, very quick,
extraordinarily resistant to hostile enchantments, uncannily stealthy
A: unfitting armour, slimy green scales 1, see invisible, berserk 1, clumsy 1,
cold resistance 1, herbivore 3, speed 3, frail 1, low mp 1, mutation resistance
1, screaming 1, slow metabolism 2
a: Scrying, Transfer Knowledge, Renounce Religion, Turn Visible
}: 3/15 runes: decaying, silver, gossamer


You were in the Vestibule of Hell.
You worshipped Ashenzari.
Ashenzari was extremely pleased with you.
You were full.

You visited 13 branches of the dungeon, and saw 60 of its levels.
You also visited: Labyrinth, Trove, Sewer, Ossuary and Ice Cave.

You collected 7842 gold pieces.
You spent 1229 gold pieces at shops.

Inventory:

Hand weapons
 a - a +5,+3 dagger of stabbing
 o - a +2,+6 cutlass of electrocution (weapon)
 t - a +4,+2 cutlass of flaming
Armour
 s - the cursed +0 cloak of the Wheelwright (worn) {rN+ Dex+3}
   (You found it on level 3 of the Vaults)

   It affects your dexterity (+3).
   It protects you from negative energy.
   It has a curse placed upon it.
 G - a cursed +1 cap (worn)
 K - the cursed +5 robe "Raraud" (worn) {Str+2 Dex+3}
   (You found it in a labyrinth)

   It affects your strength (+2).
   It affects your dexterity (+3).
   It has a curse placed upon it.
Magical devices
 m - a wand of disintegration (12)
 r - a wand of draining (9)
 x - a wand of confusion (16)
 I - a wand of hasting (6)
 S - a wand of teleportation (2)
 W - a wand of paralysis (5)
Comestibles
 U - a bread ration
Scrolls
 e - a scroll of curse weapon
 i - a scroll of blinking
 k - 3 scrolls of teleportation
 n - 4 scrolls of magic mapping
 p - 15 scrolls of identify
 w - a scroll of curse jewellery
 A - 8 scrolls of fog
 J - 4 scrolls of recharging
 N - 6 scrolls of remove curse
 R - 4 scrolls of fear
 X - a scroll of torment
Jewellery
 u - a cursed amulet of conservation (around neck)
 y - a cursed +2,+5 ring of slaying (left hand)
 C - the amulet "Theciyn" {rMut Str+4}
   (You took it off Tiamat on level 4 of the Realm of Zot)

   [amulet of resist mutation]

   It affects your strength (+4).
 Y - the cursed ring of Shadows (right hand) {+Inv rN+ EV+4 Acc-4 SInv Stlth+}
   (You bought it in a shop on level 2 of the Elven Halls)

   [ring of invisibility]

   It affects your evasion (+4).
   It affects your accuracy (-4).
   It protects you from negative energy.
   It enhances your eyesight.
   It makes you much more stealthy.
   It has a curse placed upon it.
Potions
 d - a potion of might
 q - a potion of invisibility
 z - 3 potions of restore abilities
 D - 2 potions of magic
 F - a potion of flight
Miscellaneous
 b - a fan of gales
 c - a stone of tremors
 f - a lamp of fire
 g - a lamp of fire (inert)
 v - a lamp of fire (inert)
 E - a phial of floods (inert)
 H - a lamp of fire (inert)
 M - a box of beasts
 O - a phial of floods
 P - a lamp of fire
 Q - a stone of tremors
 T - a fan of gales


   Skills:
 + Level 19.6 Fighting
 * Level 25.2 Short Blades
 - Level 1.0 Throwing
 - Level 24.8(27) Dodging
 + Level 24.3(27) Stealth
 - Level 4.2 Spellcasting
 - Level 2.1(5.1) Transmutations
 - Level 4.0(7.7) Ice Magic
 - Level 2.5(5.7) Earth Magic
 + Level 24.1(26.9) Evocations


You had 26 spell levels left.
You knew the following spells:

 Your Spells              Type           Power        Failure   Level  Hunger
a - Passwall              Trmt/Erth      ###.......   8%          3    ###....
b - Ice Form              Ice/Trmt       ###.......   14%         4    ####...


Dungeon Overview and Level Annotations

Branches:
Dungeon (16/16)            Temple (1/1) D:5             Orc (4/4) D:9
    Elf (3/3) Orc:3          Lair (8/8) D:10          Swamp (5/5) Lair:3
 Spider (5/5) Lair:6        Slime (0/6) Lair:6       Vaults (5/5) D:15
  Blade (1/1) Vaults:4      Crypt (1/5) Vaults:2       Hell (1/1)
    Zot (4/5) Depths:6     Depths (6/6) D:16
    Dis: Hell:1         Geh: Hell:1         Coc: Hell:1         Tar: Hell:1

Altars:
Ashenzari
Cheibriados
Elyvilon
Kikubaaqudgha
Makhleb
Nemelex Xobeh
Okawaru
Sif Muna
Trog
Vehumet
Xom
Yredelemnul
Zin
the Shining One
Lugonu

Shops:
D:9 }   D:15 (*}:   Orc:2 ?   Orc:4 /}/?*   Elf:2 (=[:/   Vaults:1 }
Vaults:4 }   Vaults:5 %!!%%%%?   Depths:6 *

Portals:
Hell: Depths:1 Depths:2 Depths:3 Depths:4 Depths:5
Abyss: Depths:2 Depths:3 Depths:4
Pandemonium: Depths:3
Ziggurat: Depths:2

Annotations:
D:8 exclusion: silver statue
Swamp:5 Lernaean hydra
Hell exclusion: ice statue
Depths:1 exclusion: ravenous feature mimic


Innate Abilities, Weirdness & Mutations

You are tiny and cannot use many weapons and most armour.
You have supernaturally acute eyesight.
You are a herbivore.
You cover ground extremely quickly.*
You need consume almost no food.
You are partially covered in slimy green scales (AC +2).*
You tend to lose your temper in combat.
You are clumsy. (Dex -2)
Your flesh is cold resistant.*
You are frail (-10% HP).
Your magical capacity is low (-10% MP).
You are somewhat resistant to further mutation.
You occasionally shout uncontrollably.


Message History

Your water elemental barely misses the giant goldfish.
Unknown command.
* * * LOW HITPOINT WARNING * * *
You feel extremely sick.
You feel a little better.
The blue devil hits your water elemental.
The giant goldfish bites your water elemental!
Your water elemental hits the giant goldfish!
You catch the helpless ice devil completely off-guard!
You perforate the ice devil like a sieve!!!
You kill the ice devil!
Your life force feels restored.
* * * LOW HITPOINT WARNING * * *
You feel very sick.
The blue devil hits your water elemental!
Your water elemental hits the blue devil!
Your water elemental engulfs the blue devil in water!
Drink which item? (? for menu, Esc to quit)
Okay, then.
You die...

, ≈≈≈≈..## ##.....## ≈≈≈≈≈..##
##.....z.## ≈ ≈≈≈≈≈≈≈..##
##.........## ≈≈≈≈≈.≈≈≈...##
##...........##
≈≈.....≈≈...####.}...........##
≈......≈;E...##........%......#
≈≈...⌠.⌠E^E≈............∩.......
≈8.∩...≈≈44≈.............%......
≈;...⌠.⌠≈))≈...@................
≈......≈≈≈...##...............#
≈≈J≈.....≈≈.%)####............z##
≈ ≈≈≈≈.≈≈≈...## ##...........## ≈
≈≈≈≈≈≈≈..## ##.........## ,
≈≈≈≈≈≈..## ##.......## , ≈≈≈..##
#.....#* ,, , ...## **, * ,.# *


You could see a giant goldfish, 2 blue devils and 3 friendly water elementals.

Vanquished Creatures
  An orb of fire (Zot:2)
  Tiamat (Zot:4)
  2 ancient liches (Zot:2)
  Saint Roka (Orc:4)
  Boris (Depths:5)
  Margery (Blade)
  3 Killer Klowns (Zot:2)
  Geryon (Hell)
  8 golden dragons
  3 curse toes
  Jory (Vaults:4)
  2 electric golems
  Xtahua (Depths:4)
  Nikola (Spider:4)
  5 bone dragons
  Arachne (Spider:5)
  2 liches
  6 tentacled monstrosities
  2 quicksilver dragons
  A titan (Vaults:5)
  4 deep elf blademasters (Elf:3)
  3 deep elf master archers (Elf:3)
  9 storm dragons
  3 sphinxes
  Rupert (D:16)
  Agnes (Spider:5)
  Frances (Depths:4)
  3 shadow dragons
  5 tengu reavers (Vaults:5)
  A draconian monk (Zot:1)
  9 fire giants
  Donald (Spider:5)
  2 orc warlords
  Wiglaf (Spider:3)
  The ghost of ReteAZ the Imperceptible, a mighty SpEn of Okawaru (Spider:3)
  4 deep elf sorcerers (Elf:3)
  2 iron dragons
  Maud (Lair:4)
  9 vault wardens
  5 draconian scorchers
  2 frost giants
  3 draconian knights
  5 ghost moths
  7 emperor scorpions
  Aizul (Swamp:5)
  Louise (Vaults:1)
  3 draconian zealots (Zot:2)
  A ghost moth (shapeshifter) (Vaults:5)
  A balrug (Depths:6)
  Jorgrun (Depths:4)
  5 draconian annihilators
  3 draconian shifters
  2 draconian callers
  2 elemental wellsprings
  6 grey draconians
  3 deep elf demonologists
  34 stone giants
  5 green draconians
  5 purple draconians
  6 red draconians
  8 mottled draconians
  6 pale draconians
  5 deep elf annihilators (Elf:3)
  7 white draconians
  A black draconian (Zot:4)
  5 yellow draconians
  A large abomination (Vaults:5)
  21 vault guards
  A salamander (Depths:6)
  4 deep elf death magi
  23 ettins
  9 ironheart preservers
  2 minotaurs
  A deep elf high priest (Elf:3)
  A great orb of eyes (Vaults:4)
  27 yaktaur captains
  A death cob (Zot:2)
  6 fire dragons
  18 hydras
  12 ice dragons
  2 spectral elves (Elf:3)
  2 ravenous feature mimics
  Nessos (D:12)
  Erica (Swamp:1)
  8 deep troll shamans
  6 death yaks
  6 alligators
  8 deep troll earth magi
  6 rakshasas
  3 tengu warriors
  21 dancing weapons
  13 ogre magi
  2 naga warriors
  2 orc high priests (Orc:4)
  12 very ugly things
  23 centaur warriors
  Urug (Elf:1)
  3 hell hogs (Hell)
  14 iron trolls
  Nergalle (Swamp:1)
  A soul eater (Hell)
  16 hell knights
  6 deep elf knights
  4 ice devils (Hell)
  2 flayed ghosts
  A shadow wraith (Depths:4)
  A skeletal warrior (Vaults:2)
  A wizard (D:15)
  A giant orange brain (shapeshifter) (Vaults:4)
  A giant orange brain (D:16)
  14 deep trolls
  6 swamp dragons
  11 orc knights
  11 ironbrand convokers
  Pikel (D:7)
  10 deep elf conjurers
  A shadow dragon zombie (Vaults:5)
  A harpy (shapeshifter) (D:13)
  2 giant amoebae
  A lindwurm (Zot:4)
  5 unseen horrors
  Joseph (Orc:1)
  16 hill giants
  7 red wasps
  A phantasmal warrior (Vaults:4)
  10 necromancers
  3 griffons
  3 guardian serpents
  A sixfirhy (Elf:3)
  A stone giant zombie (Depths:2)
  35 wolf spiders
  12 orc sorcerers
  A human zombie (Vaults:4)
  A draconian (shapeshifter) (Depths:1)
  A moth of wrath (shapeshifter) (Vaults:5)
  4 elephants
  2 spiny worms
  A fire elemental (Depths:3)
  A frost giant skeleton (Depths:2)
  9 cyclopes
  7 deep elf summoners
  A spiny frog (shapeshifter) (Depths:2)
  An item mimic (D:16)
  6 vault sentinels
  3 octopodes (D:13)
  7 black mambas
  A storm dragon simulacrum (Depths:2)
  8 moths of wrath
  18 spiny frogs
  Psyche (D:9)
  An orange demon (Zot:2)
  A swamp worm zombie (Swamp:2)
  6 demonic crawlers
  2 small abominations
  A yaktaur (shapeshifter) (Depths:5)
  A yaktaur zombie (Vaults:5)
  64 yaktaurs
  2 tengu conjurers
  4 fire drakes
  A troll (shapeshifter) (Depths:2)
  10 deep elf priests
  8 komodo dragons
  An elf (shapeshifter) (Vaults:5)
  8 orb spiders
  A mermaid (shapeshifter) (D:15)
  Grinder (D:5)
  A hydra zombie (D:11)
  7 polar bears
  3 naga magi
  2 earth elementals
  An iron devil (Hell)
  2 blue devils (Zot:2)
  2 trolls (D:14)
  A giant firefly (shapeshifter) (Depths:1)
  A komodo dragon (shapeshifter) (D:16)
  A brown ooze (shapeshifter) (Depths:6)
  28 two-headed ogres
  A harpy zombie (D:16)
  A moth of wrath zombie (Zot:2)
  A giant leech (shapeshifter) (D:16)
  26 jumping spiders
  6 giant leeches
  An ettin zombie (Depths:6)
  7 blink frogs (Lair:3)
  6 baby alligators
  5 boulder beetles
  A formicid (shapeshifter) (Elf:3)
  3 wandering mushrooms
  2 basilisks (shapeshifter) (D:16)
  11 bog bodies
  2 ravens (shapeshifter)
  A boulder beetle (shapeshifter) (D:16)
  84 ugly things
  A frost giant simulacrum (Depths:2)
  A fire dragon zombie (D:14)
  18 trapdoor spiders
  44 yaks
  5 vampires
  8 basilisks
  An ettin skeleton (Depths:2)
  27 water elementals
  2 fire dragon skeletons (D:16)
  2 formicids
  7 grizzly bears
  2 wyverns
  51 slime creatures
  5 air elementals
  16 tarantellas
  2 wraiths (Depths:4)
  7 shadows
  27 redbacks
  3 neqoxecs (Depths:4)
  18 deep elf magi
  2 yaks (shapeshifter)
  A hog (D:8)
  7 sharks
  A hill giant skeleton (D:11)
  40 vampire mosquitoes
  14 hippogriffs
  A merfolk (shapeshifter) (Vaults:1)
  A hog (shapeshifter) (Depths:1)
  49 swamp worms
  24 wolves
  2 golden eyes (shapeshifter)
  A deep troll zombie (Depths:6)
  7 hungry ghosts
  4 mottled dragons
  17 deep elf fighters
  9 porcupines
  A mottled dragon (shapeshifter) (Vaults:5)
  An orange crystal statue (Depths:4)
  15 swamp drakes
  5 manticores
  A deep troll skeleton (D:15)
  33 orc warriors
  8 hell hounds
  7 yellow wasps
  8 ice beasts
  5 black bears (Lair:8)
  10 giant goldfish
  5 freezing wraiths
  A human (D:8)
  4 sky beasts
  32 centaurs
  64 ogres
  11 nagas
  7 tengu
  11 crocodiles
  2 human skeletons (Vaults:5)
  16 wargs
  A boring beetle (shapeshifter) (Depths:1)
  Sigmund (D:6)
  3 brain worms (Depths:4)
  6 giant slugs
  3 big kobolds
  11 elf zombies
  A giant slug zombie (D:14)
  18 water moccasins
  24 insubstantial wisps
  A yaktaur skeleton (Vaults:5)
  7 agate snails
  2 cyclops skeletons
  18 giant frogs
  A boulder beetle zombie (Vaults:5)
  An eye of draining (Depths:4)
  5 killer bees (D:13)
  9 jellyfish
  A lava fish (Depths:6)
  15 electric eels
  A pulsating lump (shapeshifter) (Elf:3)
  7 wights
  2 troll skeletons
  A lava snake (Depths:6)
  8 crimson imps
  A goliath beetle (D:5)
  37 orc priests
  17 hounds
  39 spiders
  3 jellies
  12 big fish
  A hound (shapeshifter) (Depths:4)
  4 elf simulacra (Depths:4)
  A giant frog zombie (D:12)
  A quasit (D:9)
  Crazy Yiuf (D:5)
  A centaur skeleton (D:6)
  A giant frog skeleton (D:9)
  A water moccasin zombie (Swamp:2)
  35 orc wizards
  15 worker ants
  6 iguanas
  An iron imp (Orc:4)
  5 scorpions
  A troll simulacrum (Depths:4)
  12 sheep
  A crocodile zombie (D:10)
  A mottled dragon zombie (D:12)
  An ogre zombie (D:8)
  3 centaur simulacra (Depths:4)
  A crocodile skeleton (D:7)
  A big kobold zombie (Ossuary)
  10 human simulacra (Depths:4)
  A big kobold skeleton (D:11)
  4 boggarts (D:15)
  14 mummies
  A worker ant zombie (D:9)
  10 gnolls
  26 green rats
  7 giant centipedes
  21 adders
  10 worms
  8 giant mites
  A goliath beetle zombie (D:12)
  A giant centipede zombie (Crypt:1)
  An iguana skeleton (D:10)
  A grey rat (Sewer)
  2 iguana zombies
  8 giant eyeballs
  14 giant geckos
  7 oozes
  166 orcs
  20 bats
  2 bat skeletons (D:5)
  7 giant cockroaches
  2 gnoll zombies (Ossuary)
  24 hobgoblins
  45 jackals
  9 quokkas
  4 training dummies (D:15)
  3 giant newts
  4 giant spores
  27 goblins
  A goblin skeleton (D:4)
  A goblin zombie (Orc:1)
  A hobgoblin skeleton (D:4)
  2 hobgoblin zombies (Ossuary)
  4 illusory rakshasas
  31 kobolds
  A kobold skeleton (D:6)
  A kobold zombie (Ossuary)
  2 orc zombies (Ossuary)
  23 rats
  5 ballistomycetes
  4 crawling corpses (Vaults:5)
  6 fungi
  6 plants
2651 creatures vanquished.

Vanquished Creatures (collateral kills)
  Sojobo (Vaults:5)
  A golden dragon (Depths:6)
  Frederick (Depths:3)
  An electric golem (Zot:2)
  3 tentacled monstrosities
  A storm dragon (Depths:3)
  2 tengu reavers (Vaults:5)
  Roxanne (Vaults:1)
  A fire giant (Depths:3)
  2 deep elf sorcerers (Elf:3)
  3 vault wardens (Vaults:5)
  5 stone giants
  3 deep elf annihilators
  2 ettins
  6 vault guards (Vaults:5)
  A fire dragon (Vaults:3)
  3 great orbs of eyes
  A salamander (Depths:6)
  A deep elf death mage (Vaults:5)
  A death cob (Zot:2)
  3 ironheart preservers
  Fannar (Lair:5)
  10 yaktaur captains
  4 hydras
  An ice dragon (Zot:4)
  3 deep troll earth magi
  A dancing weapon (Vaults:4)
  4 ogre magi
  6 deep troll shamans
  A very ugly thing (D:16)
  2 rakshasas (Depths:4)
  2 orc high priests
  3 centaur warriors
  4 naga warriors
  A hell knight (Depths:6)
  A soul eater (Hell)
  6 death yaks
  3 skeletal warriors (Vaults:1)
  A deep elf knight (Vaults:5)
  An ice devil (Orc:4)
  2 hill giants (Vaults:1)
  2 swamp dragons (Swamp:5)
  5 deep trolls
  A necromancer (Depths:6)
  2 ironbrand convokers (Vaults:5)
  4 air elementals
  2 orc knights
  2 deep elf conjurers (Vaults:5)
  An orc sorcerer (Orc:4)
  11 water elementals
  4 wolf spiders
  A moth of wrath (shapeshifter) (Vaults:5)
  A moth of wrath (Zot:1)
  2 griffons
  A fire giant zombie (Depths:2)
  3 cyclopes
  6 elephants
  A fire giant skeleton (Depths:2)
  A stone giant skeleton (Vaults:4)
  A spiny frog (Swamp:3)
  3 small abominations
  11 yaktaurs
  6 vault sentinels
  A naga mage (Depths:1)
  A deep elf priest (Elf:3)
  A wandering mushroom (Zot:2)
  A hellwing (Depths:6)
  A demonic crawler (Spider:5)
  2 giant fireflies (shapeshifter)
  4 two-headed ogres
  A komodo dragon (shapeshifter) (Depths:2)
  A red devil (Orc:4)
  A polar bear (Lair:8)
  A boulder beetle (Vaults:5)
  A giant leech (Swamp:5)
  A jumping spider (Spider:5)
  3 grizzly bears (Lair:8)
  A stone giant simulacrum (Depths:2)
  A deep troll zombie (Depths:6)
  15 slime creatures
  9 ugly things
  A blink frog (Lair:3)
  A spectral human (Vaults:5)
  2 deep elf magi
  A tarantella (Vaults:5)
  A trapdoor spider (Vaults:1)
  A wraith (Depths:4)
  A hippogriff (shapeshifter) (Depths:2)
  4 yaks (Lair:8)
  A clay golem (Vaults:2)
  2 deep elf fighters
  A swamp worm (Swamp:1)
  2 human zombies
  A neqoxec (Orc:4)
  A manticore (D:15)
  3 wolves
  3 freezing wraiths
  A porcupine (Lair:7)
  3 orc warriors
  5 nagas
  2 hell hounds
  A swamp drake (Swamp:5)
  A black bear (Lair:8)
  12 ogres
  A tengu (Depths:1)
  A warg (Depths:4)
  3 centaurs
  A lava worm (Depths:6)
  3 water moccasins
  2 agate snails
  A spider (Spider:5)
  A hound (Lair:4)
  An elf simulacrum (Depths:4)
  2 orc priests
  A two-headed ogre zombie (Depths:2)
  A sheep (D:15)
  An ogre zombie (Depths:2)
  3 human simulacra (Depths:4)
  2 giant eyeballs
  3 orcs
  A jackal (Lair:5)
  3 orc zombies (Orc:4)
  2 crawling corpses
  A fungus (Lair:5)
  A plant (Depths:4)
303 creatures vanquished.

Vanquished Creatures (others)
  A shadow dragon (Vaults:5)
  A tengu reaver (Vaults:5)
  A vault guard (Vaults:5)
  An ettin (Depths:3)
  55 air elementals
  9 wolf spiders
  64 water elementals
  44 fire elementals
  A yaktaur (Depths:5)
  6 jumping spiders (Vaults:5)
  Sonja (D:15)
  6 orb spiders (Vaults:5)
  3 trapdoor spiders
  A baby alligator (Swamp:1)
  10 redbacks
  9 tarantellas (Vaults:5)
  2 wolves (Depths:4)
  A chimera (Depths:4)
  28 earth elementals
  2 slaves (D:7)
  An ogre (Depths:4)
  A centaur (Depths:4)
  A jellyfish (D:7)
  A big fish (D:7)
  A worker ant (D:13)
  4 orcs
  A goblin (Orc:3)
  2 jackals (Lair:6)
  A giant spore (D:15)
  2 ballistomycetes (D:15)
  4 fungi
  17 plants
282 creatures vanquished.

Grand Total: 3236 creatures vanquished

Notes
Turn   | Place    | Note
--------------------------------------------------------------
     0 | D:1      | Deemzul, the Spriggan Assassin, began the quest for the Orb.
     0 | D:1      | Reached XP level 1. HP: 10/10 MP: 2/2
    85 | D:1      | Reached skill level 6 in Stealth
   173 | D:1      | Reached XP level 2. HP: 2/14 MP: 4/4
  1229 | D:2      | Reached XP level 3. HP: 15/18 MP: 6/6
  1295 | D:2      | Found a bloodstained altar of Trog.
  1731 | D:2      | Reached skill level 7 in Stealth
  2164 | D:3      | Reached XP level 4. HP: 9/22 MP: 8/8
  2985 | D:3      | Reached skill level 8 in Stealth
  3044 | D:3      | Reached XP level 5. HP: 17/25 MP: 10/10
  3073 | D:3      | Found a shimmering altar of Xom.
  3351 | D:4      | Paralysed by a giant eyeball for 3 turns
  3831 | D:4      | Found a white marble altar of Elyvilon.
  4074 | D:4      | Reached skill level 9 in Stealth
  4296 | D:4      | Paralysed by a giant eyeball for 3 turns
  4450 | D:4      | Reached XP level 6. HP: 30/30 MP: 12/12
  4456 | D:4      | Found a glowing drain.
  4484 | Sewer    | Entered a sewer
  4571 | Sewer    | Reached skill level 10 in Stealth
  4682 | Sewer    | Found a glowing silver altar of Zin.
  4694 | Sewer    | Gained mutation: You have large cloven feet. [potion of beneficial mutation]
  4960 | D:5      | Entered Level 5 of the Dungeon
  4984 | D:5      | Noticed Crazy Yiuf
  5006 | D:5      | Killed Crazy Yiuf
  5099 | D:5      | Reached XP level 7. HP: 26/33 MP: 14/14
  5102 | D:5      | Reached skill level 5 in Short Blades
  5108 | D:5      | Reached skill level 11 in Stealth
  5220 | D:5      | Reached skill level 12 in Stealth
  5349 | D:5      | Noticed Grinder
  5642 | D:5      | Killed Grinder
  5642 | D:5      | Reached XP level 8. HP: 37/37 MP: 16/16
  5988 | D:5      | Found a staircase to the Ecumenical Temple.
  5999 | Temple   | Entered the Ecumenical Temple
  6613 | D:6      | Found a sparkling altar of Nemelex Xobeh.
  6616 | D:6      | Noticed Sigmund
  6622 | D:6      | Killed Sigmund
  6622 | D:6      | Reached skill level 5 in Dodging
  6654 | D:6      | Reached skill level 13 in Stealth
  7556 | D:7      | Found a sand-covered staircase.
  7569 | Ossuary  | Entered an ossuary
  7587 | Ossuary  | Reached skill level 1 in Evocations
  7833 | D:7      | Reached skill level 14 in Stealth
  7833 | D:7      | Reached XP level 9. HP: 43/43 MP: 20/20
  7986 | D:7      | Noticed Pikel
  8004 | D:7      | Killed Pikel
  8193 | D:7      | Found a shattered altar of Ashenzari.
  8193 | D:7      | Found a glowing silver altar of Zin.
  8289 | D:7      | Became a worshipper of Ashenzari the Shackled
  8399 | D:8      | Gained mutation: Your flesh is cold resistant. [potion of mutation]
  8399 | D:8      | Lost mutation: You have large cloven feet. [potion of mutation]
  8439 | D:8      | Found a basalt altar of Yredelemnul.
  8439 | D:8      | Noticed an orange demon
  8538 | D:8      | Reached skill level 15 in Stealth
  8711 | D:8      | Paralysed by a potion of paralysis for 2 turns
  8725 | D:8      | Found a snail-covered altar of Cheibriados.
  8816 | D:8      | Upgraded the game from 0.14-a0-1696-g06d0eec to 0.14-a0-1707-g75daffb
  8935 | D:8      | Reached XP level 10. HP: 38/49 MP: 23/23
  9447 | D:9      | Found an iron altar of Okawaru.
  9552 | D:9      | Found Cluareil's Gadget Boutique.
  9628 | D:9      | Reached skill level 5 in Evocations
  9711 | D:9      | Acquired Ashenzari's first power
  9727 | D:9      | Noticed Psyche
  9857 | D:9      | Found a radiant altar of Vehumet.
  9882 | D:9      | Found a staircase to the Orcish Mines.
  9995 | D:9      | Killed Psyche
 10090 | D:10     | Entered Level 10 of the Dungeon
 10121 | D:10     | Found a snail-covered altar of Cheibriados.
 10158 | D:10     | Reached skill level 16 in Stealth
 10839 | Orc:1    | Entered Level 1 of the Orcish Mines
 10839 | Orc:1    | Noticed Joseph
 10840 | Orc:1    | Killed Joseph
 11801 | D:10     | Found a staircase to the Lair.
 11945 | D:10     | Acquired Ashenzari's second power
 12014 | D:11     | Identified the +7,+8 falchion of Twobuq {freeze, -Tele rF+ rC+}
 12177 | D:11     | Noticed a cyclops
 12235 | D:11     | Reached skill level 17 in Stealth
 12379 | D:12     | Reached XP level 11. HP: 54/54 MP: 26/26
 12408 | D:12     | Noticed Nessos
 12423 | D:12     | Killed Nessos
 12423 | D:12     | Reached skill level 5 in Fighting
 13037 | D:11     | Noticed an unseen horror
 13054 | D:11     | Killed an unseen horror
 13340 | D:11     | Paralysed by a giant eyeball for 2 turns
 13350 | D:11     | Paralysed by a giant eyeball for 3 turns
 13419 | D:11     | Noticed an unseen horror
 13452 | D:11     | Killed an unseen horror
 13487 | D:11     | Noticed a cyclops
 13489 | D:11     | Killed a cyclops
 13489 | D:11     | Reached skill level 10 in Dodging
 13723 | D:12     | Noticed a hill giant
 13726 | D:12     | Killed a hill giant
 13730 | D:12     | Noticed a giant amoeba
 13732 | D:12     | Noticed a shadow dragon
 13733 | D:12     | Killed a giant amoeba
 13733 | D:12     | Reached skill level 18 in Stealth
 13814 | D:12     | Acquired Ashenzari's third power
 13913 | D:13     | Noticed a hill giant
 14172 | D:13     | Killed a hill giant
 14955 | D:13     | Noticed a centaur warrior
 15031 | D:13     | Killed a centaur warrior
 15031 | D:13     | Reached skill level 10 in Short Blades
 15031 | D:13     | Reached XP level 12. HP: 55/61 MP: 27/29
 15190 | D:13     | Noticed a centaur warrior
 15194 | D:13     | Killed a centaur warrior
 15560 | D:13     | Reached skill level 19 in Stealth
 16497 | D:14     | Reached skill level 10 in Evocations
 17665 | Lair:1   | Entered Level 1 of the Lair of Beasts
 18837 | Lair:2   | Found a bloodstained altar of Trog.
 19025 | Lair:2   | Acquired Ashenzari's fourth power
 19665 | Lair:3   | Found a frozen archway.
 19669 | IceCv    | Entered an ice cave
 19721 | IceCv    | Reached skill level 20 in Stealth
 19954 | Lair:4   | Noticed Maud
 19961 | Lair:4   | Killed Maud
 19961 | Lair:4   | Reached XP level 13. HP: 67/67 MP: 31/31
 20939 | Lair:5   | Noticed Fannar
 20960 | Lair:5   | Killed Fannar
 21370 | Lair:5   | Reached skill level 5 in Throwing
 22168 | Lair:6   | Found a staircase to the Slime Pits.
 22337 | Lair:6   | Found a hole to the Spider Nest.
 23671 | Lair:8   | Entered Level 8 of the Lair of Beasts
 24875 | Orc:1    | Noticed an orc sorcerer
 24889 | Orc:1    | Killed an orc sorcerer
 24889 | Orc:1    | Reached skill level 21 in Stealth
 25514 | Orc:2    | Found Ogiug's Magic Scroll Emporium.
 26244 | Orc:3    | Found a staircase to the Elven Halls.
 27971 | Lair:3   | Found a staircase to the Swamp.
 28434 | Lair:8   | Reached XP level 14. HP: 59/73 MP: 32/32
 31088 | Swamp:1  | Entered Level 1 of the Swamp
 31123 | Swamp:1  | HP: 1/74 [giant leech (34)]
 31151 | Swamp:1  | Reached skill level 22 in Stealth
 31479 | D:12     | Identified the +4,+10 great sword of Xiful {slice, -Tele rPois rC++ Dex+4 Int+2}
 31480 | D:12     | Noticed a hill giant
 31483 | D:12     | Killed a hill giant
 31489 | D:12     | Noticed a deep elf knight
 31502 | D:12     | Killed a deep elf knight
 31839 | D:12     | Noticed a cyclops
 31842 | D:12     | Killed a cyclops
 32295 | D:13     | Noticed a hill giant
 32296 | D:13     | Noticed a centaur warrior
 32296 | D:13     | Noticed a hill giant
 32297 | D:13     | Noticed a stone giant
 32443 | D:13     | Killed a hill giant
 32634 | D:13     | Killed a hill giant
 32911 | D:13     | Noticed a stone giant
 33062 | D:13     | Noticed a sphinx
 33068 | D:13     | Noticed a yaktaur captain
 33431 | D:15     | Entered Level 15 of the Dungeon
 33510 | D:15     | Found a labyrinth entrance.
 33567 | Lab      | Entered a labyrinth
 34058 | Lab      | Identified the +5 robe "Raraud" {Str+2 Dex+3} (You found it in a labyrinth)
 34059 | Lab      | Identified the +2,+7 mace of Ashenzari's Scorn {vamp, rC+} (You found it in a labyrinth)
 34061 | Lab      | Identified the +0,+4 great mace of the Lame Duck {holy, -Tele +Rage Str+2} (You found it in a labyrinth)
 34187 | D:15     | Noticed Sonja
 34190 | D:15     | Killed Sonja
 34363 | D:15     | Found Nuulefrakew's General Store.
 34471 | D:15     | Reached XP level 15. HP: 56/78 MP: 34/34
 34633 | D:15     | Found a gate to the Vaults.
 34707 | D:15     | Found Klaunk's Gadget Boutique.
 34750 | D:15     | Found Pleppe's Weapon Shoppe.
 35059 | Orc:4    | Entered Level 4 of the Orcish Mines
 35161 | Orc:4    | Found Froit's Assorted Antiques.
 35343 | Orc:4    | Bought an orange potion for 30 gold pieces
 35510 | Orc:4    | Noticed Saint Roka
 35967 | Orc:4    | Killed Saint Roka
 36018 | Orc:4    | Found Chatwen's Magical Wand Boutique.
 36019 | Orc:4    | Found Praidgh's Magic Scroll Shoppe.
 36020 | Orc:4    | Found Dipaxaup's Magical Wand Shoppe.
 37068 | Orc:4    | Found Wiqugab's Gadget Boutique.
 37573 | Orc:4    | Bought a scroll of fog for 30 gold pieces
 37955 | Elf:1    | Entered Level 1 of the Elven Halls
 38974 | D:16     | Entered Level 16 of the Dungeon
 39016 | D:16     | Noticed Rupert
 39018 | D:16     | Killed Rupert
 39018 | D:16     | Reached skill level 23 in Stealth
 40761 | D:16     | Reached skill level 15 in Dodging
 40767 | D:16     | Found a staircase to the Depths.
 40912 | Depths:1 | Entered Level 1 of the Depths
 40918 | Depths:1 | Found a gateway to Hell.
 41001 | Depths:1 | the one-way gate to the infinite horrors of the Abyss was a mimic.
 41119 | Depths:1 | Found a corrupted altar of Lugonu.
 41184 | Depths:1 | Reached XP level 16. HP: 65/84 MP: 35/35
 42375 | D:15     | Found Ghoklon's Book Emporium.
 43542 | Swamp:1  | Noticed Nergalle
 43586 | Swamp:1  | Killed Nergalle
 43635 | Swamp:1  | Noticed Erica
 43840 | Swamp:1  | Killed Erica
 43959 | Swamp:1  | Reached skill level 10 in Fighting
 44457 | Swamp:2  | Reached skill level 10 in Throwing
 45593 | Swamp:2  | Reached skill level 15 in Short Blades
 45777 | Swamp:3  | Reached skill level 15 in Evocations
 47634 | Swamp:5  | Entered Level 5 of the Swamp
 47634 | Swamp:5  | Noticed Aizul
 47635 | Swamp:5  | Killed Aizul
 48097 | Swamp:5  | Noticed the 27-headed Lernaean hydra
 48105 | Swamp:5  | Reached XP level 17. HP: 72/90 MP: 36/36
 48666 | Spider:1 | Entered Level 1 of the Spider Nest
 49987 | Elf:1    | Identified the Papyrus of Helpful Sinister Rituals (You found it on level 1 of the Elven Halls)
 50017 | Elf:1    | Noticed Urug
 50020 | Elf:1    | Killed Urug
 50108 | Elf:2    | Found Papsu's Jewellery Shop.
 50111 | Elf:2    | Bought the ring of Shadows {+Inv rN+ EV+4 Acc-4 SInv Stlth+} for 816 gold pieces
 50112 | Elf:2    | Identified a scroll of acquirement
 50117 | Elf:2    | Found Mnuipaoca's Antique Weapon Shoppe.
 50273 | Elf:2    | Found Brautt's Book Shop.
 50291 | Elf:2    | Found Shriutae's Magical Wand Boutique.
 50477 | Elf:2    | Found Uddairay's Antique Armour Shoppe.
 51067 | Elf:3    | Entered Level 3 of the Elven Halls
 51663 | Elf:3    | Found a shimmering altar of Xom.
 54161 | Swamp:5  | Got a decaying rune of Zot
 55358 | Depths:1 | Identified Qyr Lusika's Compendium of the Arsonist and Conjuration
 55643 | Depths:1 | Reached XP level 18. HP: 96/96 MP: 38/38
 56572 | Depths:2 | Found a one-way gate to the infinite horrors of the Abyss.
 56601 | Depths:2 | Upgraded the game from 0.14-a0-1707-g75daffb to 0.14-a0-1719-ga7e7698
 56695 | Depths:2 | Found a gateway to a ziggurat.
 57294 | Depths:3 | Found a one-way gate leading to the halls of Pandemonium.
 57478 | Depths:3 | Noticed Frederick
 57486 | Depths:3 | Killed Frederick
 58278 | Depths:4 | Noticed Xtahua
 59527 | Elf:3    | Identified the ring "Trimp" {Wiz Hunger}
 59534 | Elf:3    | Identified the +2,+6 bow of the Dove {flame, rPois rC- MR++ Stlth}
 59538 | Elf:3    | Identified the +6,+5 flail of the Lost Demons {drain, Hunger+ Dex+4}
 59556 | Elf:3    | Identified a +2 rod of destruction (13/13)
 59571 | Elf:3    | Identified the amulet "Pibbeba" {+Rage Str+2} (You took it off a deep elf annihilator on level 3 of the Elven Halls)
 59672 | Elf:3    | Identified the cursed -3 scale mail of Leapfrog {Stlth+}
 59749 | Elf:3    | Gained mutation: You are somewhat resistant to further mutation. [potion of mutation]
 59749 | Elf:3    | Gained mutation: Your magical capacity is low (-10% MP). [potion of mutation]
 60303 | Elf:3    | Reached XP level 19. HP: 93/102 MP: 35/35
 60942 | Vaults:1 | Entered Level 1 of the Vaults
 61747 | Vaults:1 | Noticed Roxanne
 61996 | Vaults:1 | Noticed Louise
 62360 | Vaults:1 | Killed Louise
 62555 | Vaults:1 | Found Isyvoury's Gadget Boutique.
 63737 | Vaults:2 | Found a staircase to the Crypt.
 64984 | Vaults:1 | Killed Roxanne
 65009 | Vaults:1 | Identified Roxanne's Tome of Dusty Shape Shifting (You took it off Roxanne on level 1 of the Vaults)
 65014 | Vaults:1 | Learned a level 3 spell: Passwall
 65106 | Vaults:3 | Identified the +0 cloak of the Wheelwright {rN+ Dex+3}
 65401 | Vaults:3 | Reached skill level 1 in Transmutations
 65407 | Vaults:3 | Reached skill level 1 in Spellcasting
 66983 | Crypt:1  | Entered Level 1 of the Crypt
 67129 | Vaults:3 | HP: 2/103 [fire giant/fireball (45)]
 68271 | Spider:1 | Reached XP level 20. HP: 108/108 MP: 36/36
 68460 | Spider:1 | Reached skill level 1 in Earth Magic
 69210 | Spider:3 | Reduced skill Throwing to level 5
 69257 | Spider:3 | Noticed ReteAZ's ghost (mighty SpEn)
 69306 | Spider:3 | Killed ReteAZ's ghost
 69400 | Spider:3 | Noticed Wiglaf
 69427 | Spider:3 | Killed Wiglaf
 69727 | Spider:4 | Noticed Nikola
 69729 | Spider:4 | Killed Nikola
 69750 | Spider:5 | Entered Level 5 of the Spider Nest
 69750 | Spider:5 | Noticed Donald
 69780 | Spider:5 | Killed Donald
 69965 | Spider:5 | Noticed Arachne
 70506 | Spider:5 | Killed Arachne
 70780 | Spider:5 | Noticed Agnes
 70785 | Spider:5 | Killed Agnes
 71011 | Spider:5 | Got a gossamer rune of Zot
 71790 | Depths:2 | Found a portal to a secret trove of treasure.
 71811 | Depths:2 | Learned a level 4 spell: Ice Form
 72259 | Trove    | Entered a treasure trove
 72551 | Depths:3 | Reduced skill Throwing to level 1
 72556 | Depths:3 | Noticed a golden dragon
 72589 | Depths:3 | Killed a golden dragon
 72589 | Depths:3 | Reached skill level 1 in Ice Magic
 72896 | Depths:4 | Killed Xtahua
 73300 | Depths:5 | Reached XP level 21. HP: 110/114 MP: 36/36
 73858 | Depths:5 | Noticed Boris
 74756 | Depths:4 | Noticed a lich
 74758 | Depths:4 | Killed a lich
 75093 | Depths:4 | Noticed Frances
 75099 | Depths:4 | Killed Frances
 75129 | Depths:4 | Reached XP level 22. HP: 103/119 MP: 37/37
 75553 | Depths:4 | Noticed Jorgrun
 75567 | Depths:4 | Killed Jorgrun
 76320 | Depths:4 | HP: 2/120 [yaktaur captain/ bolt of flame (38)]
 76972 | Depths:4 | Identified the +1,+3 sling "Dosmir" {flame, rF+ Stlth+}
 76973 | Depths:4 | Identified the cursed -6 plate armour of the Maze {Str+3 Dex+3}
 77321 | Depths:6 | Entered Level 6 of the Depths
 77701 | Depths:6 | Found a gate to the Realm of Zot.
 77723 | Depths:6 | Reached skill level 24 in Stealth
 78991 | Depths:3 | Reached XP level 23. HP: 125/125 MP: 38/38
 79664 | Vaults:4 | Reached skill level 24 in Dodging
 79778 | Vaults:4 | Reached skill level 15 in Fighting
 80003 | Vaults:4 | Identified the +9 blowgun of Trauma {speed, MR++ Dex+3}
 80263 | Vaults:5 | Entered Level 5 of the Vaults
 80545 | Vaults:5 | Gained mutation: You are clumsy. (Dex -2) [mutagenic glow]
 81441 | Vaults:5 | Identified the amulet of Klyluniuga {Clar Dam-5} (You took it off a vault warden on level 5 of the Vaults)
 81920 | Vaults:5 | Identified the +4,+12 bow of Untimely Demise {venom, rN+} (You took it off a vault guard on level 5 of the Vaults)
 82094 | Vaults:4 | Identified the ring "Voguxt" {rC+ Acc+3 Stlth+} (You took it off an ironheart preserver on level 4 of the Vaults)
 82283 | Vaults:5 | Found Clylaz's Food Shoppe.
 82283 | Vaults:5 | Found Bleudi's Food Shop.
 82303 | Vaults:5 | Found Mila's Food Boutique.
 82321 | Vaults:5 | Found Cidde's Magic Scroll Emporium.
 82645 | Vaults:5 | Found Lyergh's Food Shoppe.
 82668 | Vaults:5 | Noticed Sojobo
 82757 | Vaults:5 | Found Qiserr Guumm's Food Emporium.
 82757 | Vaults:5 | Found Dicag's Distillery.
 82905 | Vaults:5 | Bought a choko for 5 gold pieces
 82923 | Vaults:5 | Found Noicwich's Distillery.
 82929 | Vaults:5 | Bought a potion of curing for 34 gold pieces
 82942 | Vaults:5 | Bought a potion of heal wounds for 69 gold pieces
 82942 | Vaults:5 | Bought a potion of curing for 46 gold pieces
 82942 | Vaults:5 | Bought a potion of heal wounds for 69 gold pieces
 83775 | Vaults:4 | Found Khosyuz's Gadget Boutique.
 84217 | Vaults:4 | Found a staircase to the Hall of Blades.
 84217 | Vaults:4 | Noticed Jory
 84631 | Blade    | Entered the Hall of Blades
 84676 | Blade    | Reached XP level 24. HP: 135/135 MP: 39/39
 84727 | Blade    | Noticed Margery
 84735 | Blade    | Killed Margery
 84997 | Vaults:4 | Killed Jory
 85230 | Vaults:5 | Bought a bread ration for 40 gold pieces
 85665 | Vaults:5 | Killed Sojobo
 86312 | Vaults:5 | Got a silver rune of Zot
 86447 | Vaults:5 | Identified the +5,+6 broad axe "Wosch" {drain, rN+} (You took it off an ironbrand convoker on level 5 of the Vaults)
 87255 | Depths:5 | Killed Boris
 87422 | Depths:4 | Identified the cursed -1 chain mail "Joupij" {rF+ rC+}
 87570 | Zot:1    | Entered Level 1 of the Realm of Zot
 88225 | Zot:2    | Noticed an ancient lich
 88225 | Zot:2    | Noticed an ancient lich
 88226 | Zot:2    | Noticed an orb of fire
 88227 | Zot:2    | Killed an ancient lich
 88293 | Zot:2    | Killed an ancient lich
 89022 | Zot:1    | Reached XP level 25. HP: 136/144 MP: 37/40
 89105 | Zot:1    | Gained mutation: You are partially covered in slimy green scales (AC +2). [mutagenic glow]
 89473 | Zot:2    | Gained mutation: You occasionally shout uncontrollably. [an orb of fire]
 89474 | Zot:2    | Gained mutation: You are frail (-10% HP). [an orb of fire]
 89483 | Zot:2    | Gained mutation: You tend to lose your temper in combat. [an orb of fire]
 90322 | Hell     | Entered the Vestibule of Hell
 90322 | Hell     | Noticed Geryon
 90537 | Depths:6 | Upgraded the game from 0.14-a0-1719-ga7e7698 to 0.14-a0-1721-g84c87b2
 91075 | Elf:3    | Identified the cursed +8,-3 short sword "Osmug" {slice, rElec rC+ Dex+3 Int+2} (You acquired it on level 3 of the Elven Halls)
 92188 | Depths:6 | Found Siuly's Assorted Antiques.
 92197 | Depths:6 | Bought a potion of heal wounds for 90 gold pieces
 92446 | Zot:2    | Killed an orb of fire
 93843 | Zot:4    | Identified the amulet "Theciyn" {rMut Str+4}
 93843 | Zot:4    | Noticed Tiamat
 94191 | Zot:4    | Reached skill level 25 in Short Blades
 94263 | Zot:4    | Killed Tiamat
 95022 | Zot:2    | Reached XP level 26. HP: 135/135 MP: 38/41
 95249 | Hell     | Killed Geryon
 95297 | Hell     | Succumbed to the power of Zot's residual poison

Action                   |  1- 3 |  4- 6 |  7- 9 | 10-12 | 13-15 | 16-18 | 19-21 | 22-24 | 25-27 || total
-------------------------+-------+-------+-------+-------+-------+-------+-------+-------+-------++-------
Melee: Dagger            |   146 |   239 |   356 |  1316 |  2700 |  2464 |  1810 |  1358 |   145 || 10534
       Short sword       |     4 |       |       |       |       |       |       |       |       ||     4
       Unarmed           |       |       |       |       |       |       |       |     7 |       ||     7
       Cutlass           |       |       |       |       |       |       |       |       |   315 ||   315
 Fire: Blowgun           |    31 |    39 |     1 |       |       |       |       |       |       ||    71
Throw: Tomahawk          |       |       |       |    32 |    63 |     8 |       |       |       ||   103
 Cast: Ice Form          |       |       |       |       |       |       |     1 |     4 |       ||     5
       Passwall          |       |       |       |       |       |       |       |     6 |     1 ||     7
Invok: Scrying           |       |       |       |       |       |     1 |       |     5 |     1 ||     7
       Transfer Knowledg |       |       |       |       |       |       |     3 |     2 |       ||     5
       End Transfer Know |       |       |       |       |       |       |       |     1 |       ||     1
 Abil: Evoke Invisibilit |       |       |       |       |       |    19 |    23 |    28 |    15 ||    85
       Turn Visible      |       |       |       |       |       |    10 |    16 |    16 |     8 ||    50
       End Transformatio |       |       |       |       |       |       |     1 |     3 |       ||     4
Evoke: Wand              |       |     2 |     3 |    38 |    46 |    36 |    12 |    24 |     2 ||   163
       sack of spiders   |       |       |       |     1 |     6 |       |       |    13 |       ||    20
       stone of tremors  |       |       |       |     1 |     6 |    11 |    12 |    10 |     2 ||    42
       fan of gales      |       |       |       |       |     7 |     8 |     8 |    15 |     4 ||    42
       phial of floods   |       |       |       |       |     3 |    13 |    21 |    18 |     7 ||    62
       lamp of fire      |       |       |       |       |       |     6 |    19 |    23 |    10 ||    58
       box of beasts     |       |       |       |       |       |       |     1 |     3 |     2 ||     6
  Use: Scroll            |     2 |     9 |     9 |     5 |    18 |    11 |    11 |     6 |     7 ||    78
       Potion            |     2 |     1 |    10 |     9 |     7 |    16 |     7 |    17 |     4 ||    73
 Stab: Sleeping          |    11 |    19 |    43 |    77 |   187 |   142 |   208 |   132 |    34 ||   853
       Distracted        |     1 |     2 |     4 |     4 |    31 |    29 |    23 |    41 |     7 ||   142
       Invisible         |       |       |       |     4 |    10 |    44 |    63 |    89 |    64 ||   274
       Paralysed         |       |       |       |     3 |       |     2 |     1 |       |       ||     6
       Confused          |       |       |       |     1 |     3 |       |       |     3 |       ||     7
       Betrayed ally     |       |       |       |     1 |     1 |     2 |       |       |       ||     4
       Held in net/web   |       |       |       |       |     2 |       |     1 |     3 |       ||     6
